 Dungeon Crawl Stone Soup version 0.28.0-45-g0d030f2227 (webtiles) character file.

Game seed: 3201057221321546056

19 101zpm the Chopper (level 2, 0/29 HPs)
             Began as a Gnoll Cinder Acolyte on Apr 21, 2022.
             Was a High Priest of Ignis.
             Succumbed to a scorpion's poison
             ... on level 2 of the Dungeon.
             The game lasted 00:01:21 (1297 turns).

101zpm the Chopper (Gnoll Cinder Acolyte)           Turns: 1297, Time: 00:01:21

Health: 0/29       AC:  2    Str: 13    XL:     2   Next: 75%
Magic:  5/5        EV: 11    Int: 13    God:    Ignis [*****.]
Gold:   61         SH:  0    Dex:  7    Spells: 6/6 levels left

rFire   + . .      SeeInvis .   h - +1 mace (holy)
rCold   . . .      Faith    .   (no shield)
rNeg    . . .      Spirit   .   b - +0 robe
rPois   .          Reflect  .   (no helmet)
rElec   .          Harm     .   (no cloak)
rCorr   .          Rampage  .   (no gloves)
Will    .....                   (no boots)
Stlth   +.........              (no amulet)
HPRegen 0.09/turn               (no ring)
MPRegen 0.09/turn               (no ring)

@: lethally poisoned (0 -> -17)
A: fangs 1, strong nose, distributed training
a: Renounce Religion, Fiery Armour, Foxfire Swarm, Rising Flame


You were on level 2 of the Dungeon.
You worshipped Ignis.
Ignis was extremely pleased with you.
You visited 1 branch of the dungeon, and saw 2 of its levels.

You collected 61 gold pieces.

Inventory:

Hand Weapons
 a - a -1 hand axe of flaming
 h - a +1 mace of holy wrath (weapon)
Armour
 b - a +0 robe (worn)
 c - a +0 ring mail
Jewellery
 i - an amulet of the acrobat
Scrolls
 e - a scroll of identify {unknown}
 j - a scroll of noise {unknown}
Potions
 d - a potion of degeneration {unknown}
 f - a potion of heal wounds {unknown}
 g - 3 potions of curing {unknown}


   Skills:
 + Level 6.5 Fighting
 + Level 0.5 Short Blades
 + Level 0.5 Long Blades
 + Level 6.5 Axes
 + Level 0.5 Maces & Flails
 + Level 0.5 Polearms
 + Level 0.5 Staves
 + Level 0.5 Slings
 + Level 0.5 Bows
 + Level 0.5 Crossbows
 + Level 0.5 Throwing
 + Level 0.5 Armour
 + Level 0.5 Dodging
 + Level 0.5 Stealth
 + Level 0.5 Shields
 + Level 0.5 Unarmed Combat
 + Level 2.7 Spellcasting
 + Level 0.3 Conjurations
 + Level 0.3 Hexes
 + Level 0.3 Summonings
 + Level 0.3 Necromancy
 + Level 0.3 Translocations
 + Level 0.3 Transmutations
 + Level 5.3 Fire Magic
 + Level 0.3 Ice Magic
 + Level 0.3 Air Magic
 + Level 0.3 Earth Magic
 + Level 0.3 Poison Magic
 + Level 0.6 Invocations
 + Level 0.5 Evocations


You had 6 spell levels left.
You didn't know any spells.
Your spell library contained the following spells:

 Spells                   Type           Power      Damage    Failure   Level
 Scorch                   Fire           30%        2d7       3%          2


Dungeon Overview and Level Annotations

Branches:
Dungeon (2/15)

Altars:


Innate Abilities, Weirdness & Mutations

You have very sharp teeth.
Your uncanny sense of smell can sniff out nearby items.
Your experience applies equally to all skills.


Message History

No target in view!
No target in view!
No target in view!
No target in view!
No target in view!
No target in view!
HP restored.
Found a stone staircase leading up.
g - 3 bubbling dark potions (gained 1)
j - a scroll labelled JOEZAO LYFF You open the door.
There is an open door here.
A scorpion comes into view.
Found a scroll labelled ERESENE FOILIA.
A scorpion is nearby!
A scorpion is nearby!
The scorpion closely misses you.
You barely miss the scorpion. Your bite misses the scorpion.
The scorpion stings you.
You are poisoned.
The scorpion poisons you! The scorpion stings you!
You hit the scorpion.
The scorpion is lightly wounded.
You feel very sick. The scorpion closely misses you. The scorpion stings you.
* * * LOW HITPOINT WARNING * * *
You are more poisoned.
The scorpion poisons you!
You start putting on your amulet.
You continue putting on your amulet of the acrobat.
Keep equipping yourself? [Y]es or [N]o only, please.
Keep equipping yourself? [Y]es or [N]o only, please.
Keep equipping yourself?
You stop putting on your amulet.
* * * LOW HITPOINT WARNING * * *
You feel very sick. The scorpion barely misses you.
You die...

#.#.
.#..##........#
# # ...
####'##.######
## #.##.......
#.######### #.#
#.# ########.#
#........#
#@######## #.#
#s# #.# #.# #.#
#.# #.# ..#


You could see a scorpion.

Vanquished Creatures
  3 ball pythons (D:1)
  4 bats
  2 endoplasms (D:1)
  A giant cockroach (D:1)
  2 goblins (D:1)
  A hobgoblin (D:1)
  3 kobolds (D:1)
  2 rats (D:1)
18 creatures vanquished.

Notes
Turn   | Place    | Note
-------+----------+-------------------------------------------
     0 | D:1      | 101zpm the Gnoll Cinder Acolyte began the quest for the
                  | Orb.
     0 | D:1      | Reached XP level 1. HP: 23/23 MP: 4/4
   392 | D:1      | Reached XP level 2. HP: 29/29 MP: 5/5
  1003 | D:1      | Found a faded altar of an unknown god.
  1291 | D:2      | Noticed a scorpion
  1297 | D:2      | Succumbed to a scorpion's poison

Illustrated notes

Levels and vault maps discovered:
D:1:      lemuel_arrival_room, layout_basic, basic_ecumenical_altar
D:2:      layout_basic

Action                   || total
-------------------------++-------
Melee: Hand axe          ||    37
       Mace              ||    17
       Bite              ||     2
       Punch             ||     1
Armor: Robe              ||    12
Dodge: Dodged            ||    34
